AoeStats
← jusart.92

Arabia

510009212Analyzed
3v3 RM · 4d ago on Sep 29, 2026· 15m 9s· 6 players
Game mode
Random Map
Map size
Normal (6 player)
Population
200
Speed
Normal
Resources
Standard
Victory
Conquest
Starting age
Dark Age
Ending age
Imperial Age
RankedLock teamsTeams togetherTeam positionsShared explorationLock speedFull tech treeHidden civsTurbo modeCheats
Victory
Defeat
🇺🇸 Ethiopians · United States
1240
+14
🇺🇸 Magyars · United States
1211
+15
🇺🇸 Gurjaras · United States
1207
+15
🇺🇸 Saxons · United States
1218
-15
🇭🇰 Mongols · Hong Kong SAR China
1187
-15
🇲🇽 Varangians · Mexico
1181
-14
kaaaboooom
9:28 Feudal Age
10:38 Loom
13:57 Forging
LazyJames
5:11 Loom
11:17 Feudal Age
12:24 Double-Bit Axe
14:58 Horse Collar
jusart.92
6:08 Loom
9:14 Feudal Age
11:14 Bloodlines
Schmoo55
9:59 Feudal Age
10:39 Loom
11:00 Double-Bit Axe
11:36 Horse Collar
Killerhawk14
5:57 Loom
9:44 Feudal Age
Foardz
7:00 Loom
9:37 Feudal Age
10:16 Double-Bit Axe
14:02 Fletching
Connection lost

Rejoining the realm…

Still unreachable

The connection could not be restored.

Session expired

The server has moved on; the page needs a fresh start.